 Dungeon Crawl Stone Soup version 0.23-a0-305-g7ffd15e (webtiles) character file.

552758 mhoghedin the Warrior (level 25, -23/205 HPs)
             Began as a Mummy Fighter on Oct 8, 2018.
             Was the Champion of Nemelex Xobeh.
             Killed from afar by an orb of fire (34 damage)
             ... with a fireball
             ... on level 3 of the Realm of Zot on Oct 9, 2018.
             The game lasted 03:10:03 (68562 turns).

mhoghedin the Warrior (Mummy Fighter)              Turns: 68562, Time: 03:10:04

Health: -23/205    AC: 33    Str: 26 (28) XL:     25   Next: 10%
Magic:  0/39       EV: 20    Int:  6 (7)  God:    Nemelex Xobeh [******]
Gold:   5783       SH: 15    Dex: 14 (15) Spells: 24/24 levels left

rFire    + . .     SeeInvis .   b - +4 eveningstar (elec)
rCold    + + .     Gourm    .   c - +1 shield
rNeg     + + +     Faith    .   x - +7 plate armour {MR+}
rPois    ∞         Spirit   +   N - +0 Maxwell's etheric cage {RegenMP+ *Contam rElec MP+4}
rElec    +         Reflect  .   C - +1 cloak of Starlight {rElec rC+ EV+4 Stlth--}
rCorr    .         Harm     .   o - +1 pair of gloves
MR       ++++.                  X - +0 pair of boots of Grace {*Contam rElec Regen+}
Stlth    ..........             Q - amulet of guardian spirit {Spirit}
HPRegen  0.84/turn              L - ring of protection from fire {rF+, !d} MPRegen 0.76/turn*
                                l - ring of protection from fire {rF+, !d}

@: no status effects
A: no food or potions, fire vulnerability, cold resistance 1, negative energy
resistance 3, torment resistance, unbreathing, in touch with death 1
}: 3/15 runes: decaying, serpentine, silver
a: Triple Draw, Deal Four, Stack Five, Renounce Religion


You were on level 3 of the Realm of Zot.
You worshipped Nemelex Xobeh.
Nemelex Xobeh was exalted by your worship.
You were not hungry.

You visited 9 branches of the dungeon, and saw 47 of its levels.
You also visited: Labyrinth, Sewer and Bailey.

You collected 8250 gold pieces.
You spent 2467 gold pieces at shops.

Inventory:

Hand Weapons
 a - the +4 morningstar of Greatest Utility {protect, rElec Str+4 Int+2 Dex+2}
   (You found it on level 6 of the Lair of Beasts)

   It protects the one who uses it against injury (+AC on strike).
   It affects your strength (+4).
   It affects your intelligence (+2).
   It affects your dexterity (+2).
   It insulates you from electricity.
 b - a +4 eveningstar of electrocution (weapon)
   (You subdued it on level 2 of the Elven Halls)
Missiles
 u - 10 throwing nets {=f, !d}
Armour
 c - a +1 shield (worn)
 o - a +1 pair of gloves (worn)
   (You found it on level 4 of the Vaults)
 x - a +7 plate armour of magic resistance (worn)
   (You bought it in a shop on level 2 of the Orcish Mines)
 C - the +1 cloak of Starlight (worn) {rElec rC+ EV+4 Stlth--}
   (You found it on level 13 of the Dungeon)

   It affects your evasion (+4).
   It protects you from cold.
   It insulates you from electricity.
   It makes you much less stealthy.
 N - the +0 Maxwell's etheric cage (worn) {RegenMP+ *Contam rElec MP+4}
   (You bought it in a shop on level 14 of the Dungeon)

   It insulates you from electricity.
   It affects your magic capacity (+4).
   It causes magical contamination when unequipped.
 X - the +0 pair of boots of Grace (worn) {*Contam rElec Regen+}
   (You found it on level 2 of the Depths)

   It insulates you from electricity.
   It causes magical contamination when unequipped.
   It increases your rate of regeneration.
Jewellery
 l - a ring of protection from fire (right hand) {rF+, !d}
   (You took it off a tengu reaver on level 3 of the Vaults)
 s - an uncursed ring of see invisible {sInv, !d}
   (You bought it in a shop on level 4 of the Depths)
 y - an uncursed ring of protection from magic {MR+, !d}
   (You found it on level 6 of the Lair of Beasts)
 L - a ring of protection from fire (left hand) {rF+, !d}
   (You found it on level 4 of the Lair of Beasts)
 Q - an amulet of guardian spirit (around neck) {Spirit}
   (You found it on level 1 of the Vaults)
Wands
 h - a wand of clouds (2)
   (You found it on level 5 of the Vaults)
 m - a wand of acid (17)
   (You found it on level 3 of the Dungeon)
 J - a wand of digging (30)
   (You found it on level 4 of the Lair of Beasts)
Scrolls
 d - 8 scrolls of fear
 e - a scroll of silence
 f - 27 scrolls of remove curse
 j - 6 scrolls of amnesia
 k - 4 scrolls of blinking {!r}
 q - 16 scrolls of teleportation
 v - 2 scrolls of identify
 z - 2 scrolls of summoning
 H - 7 scrolls of immolation {!r}
 K - 5 scrolls of magic mapping {!r}
 R - 7 scrolls of fog
 S - a scroll of enchant armour
 T - a scroll of brand weapon
Miscellaneous
 g - an ornate deck of destruction
   (Nemelex Xobeh gifted it to you on level 2 of the Realm of Zot)
 i - a lamp of fire
   (You found it on level 3 of the Elven Halls)
 n - a legendary deck of destruction
   (Nemelex Xobeh gifted it to you on level 4 of the Swamp)
 p - a legendary deck of summoning
   (Nemelex Xobeh gifted it to you on level 3 of the Vaults)
 r - an ornate deck of summoning
   (Nemelex Xobeh gifted it to you on level 4 of the Depths)
 t - 6 sacks of spiders
 w - an ornate deck of summoning
   (Nemelex Xobeh gifted it to you on level 4 of the Depths)
 A - a legendary deck of summoning {drawn: 2}
   (Nemelex Xobeh gifted it to you on level 5 of the Depths)
 B - an ornate deck of destruction
   (Nemelex Xobeh gifted it to you on level 2 of the Depths)
 D - a plain deck of escape
   (Nemelex Xobeh gifted it to you on level 5 of the Vaults)
 E - a phantom mirror
 G - an ornate deck of destruction {drawn: 2}
   (Nemelex Xobeh gifted it to you on level 1 of the Depths)
 I - an ornate deck of summoning {drawn: 3}
   (Nemelex Xobeh gifted it to you on level 1 of the Realm of Zot)
 M - a phial of floods
   (You found it on level 5 of the Vaults)
 O - a legendary deck of escape {drawn: 1}
   (Nemelex Xobeh gifted it to you on level 3 of the Depths)
 P - a legendary deck of destruction
   (Nemelex Xobeh gifted it to you on level 11 of the Dungeon)
 U - an ornate deck of escape
   (Nemelex Xobeh gifted it to you on level 4 of the Depths)
 W - a lightning rod (4/4)
   (You found it on level 2 of the Depths)
 Y - a fan of gales
   (You found it on level 1 of the Vaults)
 Z - a box of beasts


   Skills:
 + Level 18.4 Fighting
   Level 1.1(10.8) Axes
 - Level 15.9(16.0) Maces & Flails
 + Level 15.9 Armour
 + Level 15.7 Dodging
 - Level 15.0 Shields
 - Level 16.5 Invocations
 - Level 10.1 Evocations


You had 24 spell levels left.
You didn't know any spells.
Your spell library contained the following spells:

 Spells                   Type           Power        Failure   Level  Hunger
 Animate Skeleton         Necr           N/A          97%         1    N/A
 Apportation              Tloc           #.....       97%         1    N/A
 Confusing Touch          Hex            #.....       97%         1    N/A
 Corona                   Hex            #......      97%         1    N/A
 Flame Tongue             Conj/Fire      #....        97%         1    N/A
 Infusion                 Chrm           #...         97%         1    N/A
 Magic Dart               Conj           #...         97%         1    N/A
 Pain                     Necr           #...         97%         1    N/A
 Sandblast                Erth           #.....       97%         1    N/A
 Shock                    Conj/Air       #...         97%         1    N/A
 Sting                    Conj/Pois      #...         97%         1    N/A
 Summon Butterflies       Summ           #.......     97%         1    N/A
 Summon Small Mammal      Summ           #...         97%         1    N/A
 Ensorcelled Hibernation  Hex/Ice        #.....       99%         2    N/A
 Passwall                 Tmut/Erth      #.......     99%         2    N/A
 Poisonous Vapours        Pois/Air       #.....       99%         2    N/A
 Searing Ray              Conj           #.....       99%         2    N/A
 Shroud of Golubria       Chrm/Tloc      #.........   99%         2    N/A
 Slow                     Hex            #.......     99%         2    N/A
 Song of Slaying          Chrm           #.......     99%         2    N/A
 Swiftness                Chrm/Air       #.......     99%         2    N/A
 Throw Flame              Conj/Fire      #.....       99%         2    N/A
 Call Canine Familiar     Summ           #.......     100%        3    N/A
 Confuse                  Hex            #.......     100%        3    N/A
 Conjure Flame            Conj/Fire      #.......     100%        3    N/A
 Dazzling Spray           Conj/Hex       #.....       100%        3    N/A
 Ignite Poison            Fire/Tmut/Pois #.......     100%        3    N/A
 Inner Flame              Hex/Fire       #.......     100%        3    N/A
 Mephitic Cloud           Conj/Pois/Air  #.......     100%        3    N/A
 Portal Projectile        Hex/Tloc       #.....       100%        3    N/A
 Recall                   Summ/Tloc      N/A          100%        3    N/A
 Spectral Weapon          Hex/Chrm       #.......     100%        3    N/A
 Static Discharge         Conj/Air       #.......     100%        3    N/A
 Stone Arrow              Conj/Erth      #.....       100%        3    N/A
 Summon Guardian Golem    Hex/Summ       #.......     100%        3    N/A
 Tukima's Dance           Hex            #.......     100%        3    N/A
 Vampiric Draining        Necr           #.........   100%        3    N/A
 Airstrike                Air            #.........   100%        4    N/A
 Animate Dead             Necr           N/A          100%        4    N/A
 Cause Fear               Hex            #.........   100%        4    N/A
 Force Lance              Conj/Tloc      #.......     100%        4    N/A
 Fulminant Prism          Conj/Hex       #.........   100%        4    N/A
 Iskenderun's Mystic Bla  Conj           #.......     100%        4    N/A
 Leda's Liquefaction      Hex/Erth       #.........   100%        4    N/A
 Olgreb's Toxic Radiance  Pois           #.......     100%        4    N/A
 Petrify                  Tmut/Erth      #.......     100%        4    N/A
 Sticky Flame             Conj/Fire      #.......     100%        4    N/A
 Summon Ice Beast         Ice/Summ       #.......     100%        4    N/A
 Summon Lightning Spire   Summ/Air       #.......     100%        4    N/A
 Alistair's Intoxication  Tmut/Pois      #.......     100%        5    N/A
 Borgnjor's Vile Clutch   Necr/Erth      #.........   100%        5    N/A
 Fireball                 Conj/Fire      #.........   100%        5    N/A
 Irradiate                Conj/Tmut      #.........   100%        5    N/A
 Lee's Rapid Deconstruct  Erth           #.........   100%        5    N/A
 Lightning Bolt           Conj/Air       #.........   100%        5    N/A
 Silence                  Hex/Air        #.........   100%        5    N/A
 Summon Forest            Summ/Tloc      #.........   100%        5    N/A
 Summon Mana Viper        Hex/Summ       #.......     100%        5    N/A
 Venom Bolt               Conj/Pois      #.........   100%        5    N/A
 Yara's Violent Unravell  Hex/Tmut       #.........   100%        5    N/A
 Bolt of Cold             Conj/Ice       #.........   100%        6    N/A
 Conjure Ball Lightning   Conj/Air       #.........   100%        6    N/A
 Darkness                 Hex            #.........   100%        6    N/A
 Deflect Missiles         Chrm/Air       #.........   100%        6    N/A
 Freezing Cloud           Conj/Ice/Air   #.........   100%        6    N/A
 Shadow Creatures         Summ           N/A          100%        6    N/A
 Malign Gateway           Summ/Tloc      #.........   100%        7    N/A
 Summon Hydra             Summ           #.........   100%        7    N/A
 Discord                  Hex            #.........   100%        8    N/A
 Dragon's Call            Summ           #.........   100%        9    N/A
 Shatter                  Erth           #.........   100%        9    N/A
 Tornado                  Air            #.........   100%        9    N/A
 Sublimation of Blood     Necr           Unusable     N/A         2    N/A
 Regeneration             Chrm/Necr      Unusable     N/A         3    N/A
 Spider Form              Tmut/Pois      Unusable     N/A         3    N/A
 Ice Form                 Ice/Tmut       Unusable     N/A         4    N/A
 Blade Hands              Tmut           Unusable     N/A         5    N/A
 Hydra Form               Tmut           Unusable     N/A         6    N/A
 Statue Form              Tmut/Erth      Unusable     N/A         6    N/A
 Dragon Form              Tmut           Unusable     N/A         7    N/A

Dungeon Overview and Level Annotations

Branches:
Dungeon (15/15)            Temple (0/1) D:4            Lair (6/6) D:9
  Swamp (4/4) Lair:2        Snake (4/4) Lair:2        Slime (0/5) Lair:5
    Orc (2/2) D:9             Elf (3/3) Orc:2        Vaults (5/5) D:13
  Crypt (0/3) Vaults:2     Depths (5/5) D:15            Zot (3/5) Depths:5

Altars:
Cheibriados
Gozag
Nemelex Xobeh
Trog
Wu Jian
Xom
Yredelemnul
Beogh
Lugonu

Shops:
D:5 %   D:14 *[   Orc:2 (}[?   Elf:2 %   Snake:4 (   Vaults:2 }   Vaults:4 [
Vaults:5 !(   Depths:3 *   Depths:4 ==}   Depths:5 *

Portals:
Hell: Depths:1 Depths:2 Depths:3 Depths:4 Depths:5
Abyss: Depths:1 Depths:4
Pandemonium: Depths:3 Depths:4 Depths:5
Ziggurat: Depths:2

Annotations:
D:7 1 runed door
D:11 1 runed door, exclusion: orange crystal statue, Tovarisch's ghost, journeyman VSWn
Lair:4 exclusion: 3 oklob plants
Elf:1 Ineca Zeom's ghost, adept SpEn
Depths:3 2 transporters, exclusion: orange crystal statue
Depths:5 2 runed doors, Gupsidadd's ghost, veteran MiBe
Abyss:1 Kirke; Ygeygat's ghost, journeyman GrFi


Innate Abilities, Weirdness & Mutations

You do not eat or drink.
Your flesh is vulnerable to fire.
You are immune to poison.
Your flesh is cold resistant. (rC+)
You are immune to negative energy. (rN+++)
You are immune to unholy pain and torment.
You can survive without breathing.
You are in touch with the powers of death.


Message History

l - a ring of protection from fire (right hand) {rF+, !d} You regained 3 mp, and now have 22/39 mp.
You bludgeon the orb of fire!!
Aim: an orb of fire (heavily damaged)
Okay, then.
Unknown command.
Unknown command.
You barely miss the orb of fire. You bludgeon the orb of fire!!
You hit the orb of fire but do no damage.
The orb of fire glows red.
Strange energies course through your body.
Your body decomposes!
You feel weakened.
You bludgeon the orb of fire!!
The orb of fire glows yellow.
Strange energies course through your body.
Your body decomposes!
You feel weakened.
You regained 2 mp, and now have 25/39 mp.
You hit the orb of fire but do no damage.
The orb of fire glows bright magenta.
The fireball explodes!
The fireball engulfs you! You resist.
The fireball engulfs the orb of fire.
The orb of fire completely resists.
You take 28 damage, and have 177/205 hp.
You now have 22/39 mp.
Unknown command.
You miss the orb of fire.
The orb of fire emits a lurid red light.
The fireball explodes!
The fireball engulfs you! You resist.
The fireball engulfs the orb of fire.
The orb of fire completely resists.
You take 18 damage, and have 159/205 hp.
You now have 20/39 mp.
Unknown command.
You sock the orb of fire! You closely miss the orb of fire.
You barely miss the orb of fire.
The orb of fire glows red.
The fireball explodes!
The fireball engulfs you! You resist.
The fireball engulfs the orb of fire.
The orb of fire completely resists.
You take 33 damage, and have 127/205 hp.
You now have 18/39 mp.
Unknown command.
You closely miss the orb of fire.
The orb of fire glows deep purple.
Strange energies course through your body.
Your body decomposes!
You feel dopey.
Your plate armour prevents you from hitting the orb of fire.
Unknown command.
You miss the orb of fire.
The orb of fire emits a lurid red light.
The bolt of fire hits you! You resist.
The orb of fire glows bright magenta.
The fireball explodes!
The fireball engulfs you! You resist.
The fireball engulfs the orb of fire.
The orb of fire completely resists.
You hear a chilling moan.
You take 48 damage, and have 81/205 hp.
MASSIVE DAMAGE!!
You now have 12/39 mp.
You miss the orb of fire.
The orb of fire glows deep purple.
The fireball explodes!
The fireball engulfs you! You resist.
* * * LOW HITPOINT WARNING * * *
The fireball engulfs the orb of fire.
The orb of fire completely resists.
You take 24 damage, and have 57/205 hp.
You now have 8/39 mp.
You completely miss the orb of fire.
The orb of fire emits a lurid red light.
The bolt of fire hits you! You resist.
* * * LOW HITPOINT WARNING * * *
You take 26 damage, and have 31/205 hp.
You now have 4/39 mp.
You draw a card...
It is Pain.
You have drawn Pain.
Aim: an orb of fire (severely damaged)
The bolt of negative energy hits the orb of fire.
The orb of fire completely resists.
You regained 2 mp, and now have 6/39 mp.
That item cannot be evoked!
Okay, then.
Unknown command.
Unknown command.
You can't drink.
You draw a card...
It is the Tomb.
Walls emerge from the floor!
The orb of fire glows deep purple.
The fireball explodes!
The fireball engulfs you! You resist.
* * * LOW HITPOINT WARNING * * *
The fireball engulfs the orb of fire.
The orb of fire completely resists.
You take 23 damage, and have 9/205 hp.
You now have 1/39 mp.
You draw a card...
It is Velocity.
The deck of cards glows with a rainbow of weird colours and disappears.
Nothing appears to happen.
The orb of fire glows deep purple.
Strange energies course through your body.
Your body decomposes!
You feel clumsy.
You draw a card...
It is Velocity.
Nothing appears to happen.
The orb of fire emits a lurid red light.
The fireball explodes!
The fireball engulfs you! You resist.
You die...
Your body glows with a rainbow of weird colours and disappears.

>,,,,,,,,,.................z.## *
,,**,,,,,,..(.................##*
,,,*,,,,,,**#...X..............#*
,,,,,,,,,** #.....#.............*
,,,,,,,,** ######.#,,,#y.<.....,
,,,,,,,** ##X##,,*#........,
,,,,,,** ##y#####*#........,
,,,,,** #*##...###<.......,
,,,,** ##@....##.##(....., ,,,,*
####...#[##*......, ,,,,*
#.....))## *,....., ,,,,**
#......## *,....., ,,,,,**
#...#.## *,,...., *,,,,,**
**#....## *,,?..., *,,,,,,**
#...#.##**** *,,,,,,, *,,,*,,,*
#...###*,,,***,,,,,,,
*,,,**,,****#...#***,,,*,,,,,***,


You could see an orb of fire.

Vanquished Creatures
  Xtahua (Depths:3)
  10 golden dragons
  Nikola (Elf:3)
  2 bone dragons
  2 liches
  8 tentacled monstrosities
  Asterion (Snake:4)
  2 deep elf blademasters (Elf:3)
  A deep elf master archer (Elf:3)
  4 titans
  3 quicksilver dragons (Zot:1)
  5 sphinxes
  A sphinx (shapeshifter) (Vaults:5)
  4 death cobs
  Frances (Snake:1)
  Agnes (Snake:1)
  6 tengu reavers
  A thorn hunter (Swamp:4)
  4 nagarajas
  7 shadow dragons
  12 storm dragons
  A draconian monk (Zot:1)
  An azure jelly (Swamp:4)
  6 fire giants
  4 deep elf sorcerers
  2 ghouls (D:13)
  3 ghost moths (Zot:2)
  5 frost giants
  3 draconian shifters
  3 iron dragons
  7 vault wardens
  A deep elf elementalist (Elf:3)
  6 draconian scorchers
  Louise (Elf:1)
  6 draconian knights
  An orc warlord (Vaults:3)
  9 ironheart preservers
  17 very ugly things
  A draconian annihilator (Zot:1)
  3 spriggan defenders
  2 draconian stormcallers (Zot:1)
  20 stone giants
  A war gargoyle (Vaults:5)
  2 entropy weavers
  A vampire knight (Depths:5)
  5 green draconians
  7 deep elf demonologists
  7 purple draconians
  4 red draconians
  A white draconian (Depths:5)
  A lorocyproca (Depths:3)
  6 deep elf annihilators
  5 black draconians
  4 yellow draconians
  A spark wasp (shapeshifter) (Depths:2)
  A spark wasp (Depths:4)
  A minotaur (Elf:3)
  5 deep elf death magi
  10 ettins
  A green death (Depths:5)
  12 fire dragons
  7 deep elf high priests
  A merfolk impaler (Depths:5)
  7 great orbs of eyes
  13 yaktaur captains
  Harold (D:8)
  5 rakshasas
  6 hydras
  4 spriggan air magi
  11 ice dragons
  15 naga warriors
  A hell beast (Depths:4)
  4 catoblepae
  25 vault guards
  A ghost crab (Swamp:4)
  8 anacondas
  3 death yaks
  A catoblepas (shapeshifter) (Depths:5)
  10 ogre magi
  31 dancing weapons
  8 deep troll shamans
  4 death knights
  8 centaur warriors
  48 two-headed ogres
  4 tengu warriors
  6 alligators
  6 deep troll earth magi
  2 vampire magi
  12 naga sharpshooters
  2 orc high priests
  4 spriggan berserkers
  11 shock serpents
  Sonja (D:10)
  20 deep elf knights
  2 salamander mystics (Snake:4)
  A fire crab (Lair:6)
  A death drake (shapeshifter) (Vaults:4)
  7 hell knights (Depths:4)
  5 skeletal warriors
  A fire crab (shapeshifter) (Vaults:2)
  2 shadow wraiths
  2 sixfirhies (Depths:4)
  7 unseen horrors
  A spriggan druid (Swamp:3)
  3 flayed ghosts
  2 large abominations (Elf:3)
  A sea snake (Snake:4)
  13 deep trolls
  5 swamp dragons
  2 glowing orange brains
  2 gelid demonspawn (Depths:3)
  A torturous demonspawn (Depths:5)
  5 naga ritualists
  3 wizards
  A lindwurm (shapeshifter) (Depths:2)
  5 phantasmal warriors
  5 harpies (Vaults:3)
  7 orc knights
  10 ironbrand convokers
  An oklob plant (Snake:3)
  An orb spider (shapeshifter) (Lair:3)
  3 necromancers
  38 ugly things
  12 deep elf archers
  A mana viper (shapeshifter) (Vaults:5)
  2 wolf spiders (Vaults:4)
  2 cyclopes (Vaults:1)
  14 moths of wrath
  3 orc sorcerers
  2 shining eyes (shapeshifter)
  65 deep elf magi
  A manticore (D:15)
  10 mana vipers
  8 salamanders
  9 vault sentinels
  A salamander (shapeshifter) (Vaults:3)
  8 elephants
  5 guardian serpents
  30 black mambas
  18 naga magi
  A rust devil (Depths:5)
  A smoke demon (Depths:5)
  19 spiny frogs
  3 gargoyles
  6 centaur zombies
  A torpor snail (Vaults:4)
  4 kobold demonologists
  2 rime drakes
  3 freezing wraiths
  36 yaktaurs
  5 komodo dragons
  A merfolk (shapeshifter) (Vaults:5)
  A guardian mummy (D:13)
  6 trolls
  A tengu conjurer (Depths:2)
  A polar bear (shapeshifter) (Vaults:1)
  A polar bear (Lair:6)
  A jumping spider (Vaults:4)
  A jumping spider (shapeshifter) (Vaults:3)
  A troll (shapeshifter) (Depths:4)
  3 meliai (D:14)
  A wolf spider simulacrum (D:15)
  A hornet (shapeshifter) (Lair:3)
  22 slime creatures
  A hippogriff (shapeshifter) (Vaults:1)
  16 tyrant leeches
  4 hornets
  2 bog bodies
  A human simulacrum (Vaults:3)
  12 blink frogs
  8 hippogriffs
  A centaur simulacrum (D:15)
  A vampire (Vaults:4)
  Sigmund (D:4)
  3 air elementals
  7 shadows
  5 wraiths
  3 redbacks (Vaults:4)
  6 spriggans
  24 yaks
  A ynoxinul (Depths:5)
  5 wyverns
  10 water elementals
  A hungry ghost (D:15)
  3 fire elementals
  4 hogs (Lair:5)
  A golden eye (shapeshifter) (Vaults:4)
  4 swamp worm simulacra (Swamp:4)
  A basilisk (shapeshifter) (Depths:2)
  A chaos spawn (Depths:3)
  2 hogs (shapeshifter) (Depths:1)
  2 neqoxecs (Depths:4)
  2 basilisks
  19 vampire mosquitoes
  13 swamp worms
  3 wargs
  60 nagas
  19 water moccasins
  14 hydra simulacra (Swamp:4)
  A soldier ant (D:11)
  A hell hound (Snake:2)
  12 insubstantial wisps
  A water moccasin (shapeshifter) (Depths:2)
  7 acid dragons
  A floating eye (shapeshifter) (Vaults:5)
  3 porcupines
  A hornet zombie (D:14)
  10 swamp drakes
  2 ice beasts
  32 orc warriors
  4 sky beasts
  An ice beast (shapeshifter) (Depths:2)
  37 ogres
  6 black bears
  8 boggarts
  An eye of draining (shapeshifter) (Snake:2)
  A phantom (D:9)
  21 wolves
  12 centaurs
  22 crocodiles
  12 big kobolds
  6 earth elementals (Depths:1)
  12 bullfrogs
  A gnoll sergeant (D:9)
  3 scorpions
  12 killer bees
  7 wights
  5 howler monkeys
  6 electric eels
  4 crimson imps
  3 bullfrog zombies
  8 orc priests
  A quasit (D:14)
  A jelly (D:14)
  A gnoll shaman (Orc:2)
  9 hounds
  5 centaur skeletons
  5 iguanas
  19 orc wizards
  2 bullfrog skeletons
  Ijyb (D:4)
  Jessica (D:3)
  13 worker ants
  A hound skeleton (D:7)
  2 mummies (D:13)
  2 worker ant zombies (D:10)
  13 gnolls
  15 adders
  2 shadow imps
  4 swamp drake simulacra (Swamp:4)
  4 oozes
  3 adder skeletons
  2 worms
  2 dart slugs
  6 leopard geckos
  75 orcs
  12 bats
  15 giant cockroaches
  16 goblins
  7 hobgoblins
  10 jackals
  7 kobolds
  7 quokkas
  16 ball pythons
  21 frilled lizards
  A quokka skeleton (D:6)
  A quokka zombie (D:6)
  10 rats
  A crawling corpse (Elf:3)
1830 creatures vanquished.

Vanquished Creatures (collateral kills)
  An ancient lich (Vaults:5)
  Vashnia (Snake:4)
  Saint Roka (Snake:4)
  A lich (Vaults:3)
  A sphinx (Vaults:5)
  A tengu reaver (Vaults:5)
  3 shadow dragons (Vaults:5)
  2 storm dragons (Zot:2)
  4 nagarajas
  A draconian monk (Zot:2)
  3 fire giants
  2 deep elf sorcerers
  A draconian knight (Zot:2)
  2 vault wardens (Vaults:4)
  A draconian stormcaller (Zot:1)
  5 very ugly things
  A war gargoyle (Vaults:4)
  A stone giant (Vaults:5)
  A green draconian (Zot:1)
  A deep elf annihilator (Elf:3)
  A black draconian (Zot:1)
  Azrael (Snake:3)
  2 purple draconians (Zot:2)
  A minotaur (Lab)
  A deep elf death mage (Elf:3)
  2 ettins
  2 yaktaur captains (Vaults:3)
  4 ogre magi
  A great orb of eyes (Vaults:4)
  8 vault guards
  2 rakshasas (Depths:1)
  4 naga warriors
  2 hydras
  2 ice dragons
  2 anacondas
  2 centaur warriors
  3 two-headed ogres
  A dancing weapon (Elf:2)
  A deep troll shaman (Depths:4)
  An orc high priest (Orc:2)
  A tengu warrior (Depths:1)
  10 naga sharpshooters
  3 shock serpents
  3 deep elf knights (Elf:2)
  A shadow wraith (Vaults:2)
  A salamander mystic (Snake:3)
  2 skeletal warriors
  A glowing orange brain (Vaults:3)
  A spriggan druid (Swamp:4)
  2 deep trolls
  4 naga ritualists
  2 deep elf archers (Elf:2)
  2 ironbrand convokers (Vaults:3)
  A harpy (Vaults:4)
  A lindwurm (Lair:5)
  A necromancer (Vaults:3)
  2 orc knights
  5 mana vipers
  3 deep elf magi (Elf:2)
  6 salamanders
  2 ugly things
  An orc sorcerer (Orc:2)
  A manticore (D:11)
  2 elephants
  7 guardian serpents
  A guardian serpent (shapeshifter) (Vaults:4)
  7 naga magi
  An eye of devastation (Vaults:3)
  4 black mambas
  A kobold demonologist (D:14)
  5 yaktaurs
  2 freezing wraiths
  A troll (D:9)
  A hornet (Depths:3)
  2 tyrant leeches (Swamp:3)
  4 blink frogs (Lair:5)
  A meliai zombie (D:13)
  2 slime creatures (Swamp:4)
  3 spriggans
  A basilisk (Lair:5)
  A vampire (Vaults:4)
  A fire elemental (Snake:3)
  Grum (D:9)
  A yaktaur simulacrum (Vaults:3)
  A hog (Lair:5)
  An acid dragon (D:13)
  25 nagas
  A water moccasin (shapeshifter) (Depths:1)
  A swamp drake (Swamp:4)
  A porcupine (D:9)
  A hell hound (Snake:3)
  2 orc warriors
  7 ogres
  A boggart (Vaults:3)
  5 wolves
  A centaur (D:9)
  A crocodile (D:9)
  A big kobold (D:9)
  A human zombie (Vaults:3)
  A scorpion (D:9)
  3 wights (D:9)
  An orc priest (D:2)
  An orc wizard (Snake:4)
  2 worker ants
  Robin (D:4)
  4 gnolls (D:9)
  5 orcs
  3 goblins (D:4)
  2 hobgoblins (D:4)
  2 kobolds
  2 crawling corpses (Elf:3)
  A plant (Snake:1)
260 creatures vanquished.

Vanquished Creatures (others)
  Tiamat (Zot:2)
  An eldritch tentacle (Elf:2)
  A tengu reaver (Vaults:5)
  An azure jelly (Swamp:4)
  The ghost of Daraetih the Severer, a journeyman HOFi of Uskayaw (Orc:1)
  A frost giant (Vaults:3)
  2 vault wardens (Vaults:5)
  A war gargoyle (Vaults:5)
  A very ugly thing (Vaults:4)
  The ghost of Yvemeref the Cleaver, a journeyman FoFi of Gozag (D:13)
  A deep elf death mage (Vaults:5)
  4 hydras
  A naga warrior (Snake:4)
  A vault guard (Vaults:4)
  A spriggan air mage (Depths:3)
  A catoblepas (Lair:6)
  An anaconda (D:14)
  A centaur warrior (D:14)
  A death yak (Lair:3)
  An ogre mage (Vaults:4)
  A deep troll shaman (Lair:6)
  An unseen horror (D:14)
  A lindwurm (Lair:6)
  An ironbrand convoker (Vaults:5)
  An ugly thing (D:11)
  An orb spider (Lair:3)
  A cyclops (D:11)
  An orc sorcerer (Orc:2)
  3 deep elf magi (Elf:2)
  A moth of wrath (Zot:1)
  4 elephants
  3 black mambas
  2 spiny frogs
  A komodo dragon (Lair:3)
  A kobold demonologist (D:13)
  2 freezing wraiths (Swamp:4)
  A troll (D:13)
  A tyrant leech (Swamp:4)
  A blink frog (Lair:3)
  A hornet (Depths:3)
  A polar bear (Lair:5)
  A bog body (Swamp:2)
  2 yaks
  A spriggan (Depths:3)
  A wraith (D:12)
  A hungry ghost (D:13)
  A basilisk (Lair:1)
  3 nagas
  2 swamp worms (Swamp:4)
  An acid dragon (Zot:2)
  A water moccasin (Lair:3)
  2 porcupines
  A sky beast (D:9)
  3 orc warriors
  A black bear (Lair:3)
  A swamp drake (Swamp:4)
  A necrophage (D:10)
  2 boggarts (Vaults:3)
  2 wolves
  2 centaurs
  5 crocodiles
  6 big kobolds (D:13)
  A bullfrog (Lair:4)
  A killer bee (D:7)
  3 wights
  2 orc priests
  A jelly (D:5)
  3 orc wizards
  A killer bee zombie (D:7)
  A gnoll (D:9)
  A river rat (D:6)
  4 ball lightnings
  A dart slug (Bailey)
  A leopard gecko (Sewer)
  5 orcs
  A ball python (Sewer)
  A hobgoblin (D:3)
  A kobold (D:14)
  3 bushes (D:9)
  22 fungi
  30 plants
177 creatures vanquished.

Grand Total: 2267 creatures vanquished

Notes
Turn   | Place    | Note
-------+----------+-------------------------------------------
     0 | D:1      | mhoghedin the Mummy Fighter began the quest for the Orb.
     0 | D:1      | Reached XP level 1. HP: 18/18 MP: 1/1
   204 | D:1      | Reached XP level 2. HP: 22/24 MP: 2/2
   554 | D:1      | Found a sparkling altar of Nemelex Xobeh.
   852 | D:1      | Became a worshipper of Nemelex Xobeh the Trickster
  1075 | D:2      | Received a gift from Nemelex Xobeh
  1099 | D:2      | Reached XP level 3. HP: 29/29 MP: 3/3
  1101 | D:2      | Reached skill level 2 in Maces & Flails
  1493 | D:2      | Reached skill level 1 in Dodging
  1764 | D:2      | Reached XP level 4. HP: 35/35 MP: 4/4
  1950 | D:3      | Noticed an ice devil
  1951 | D:3      | HP: 8/35 [orc priest/divine providence (14)]
  1953 | D:2      | Noticed a rust devil
  2208 | D:2      | Reached skill level 1 in Invocations
  2228 | D:3      | Reached skill level 3 in Shields
  2481 | D:3      | Noticed Jessica
  2494 | D:3      | Killed Jessica
  2494 | D:3      | Reached skill level 1 in Axes
  2494 | D:3      | Reached XP level 5. HP: 41/41 MP: 5/5
  2501 | D:3      | Reached * piety under Nemelex Xobeh
  2946 | D:4      | Noticed Sigmund
  2964 | D:4      | Noticed Robin
  2970 | D:4      | Killed Sigmund
  2970 | D:4      | Reached skill level 3 in Maces & Flails
  2970 | D:4      | Reached XP level 6. HP: 21/47 MP: 6/6
  2975 | D:4      | Noticed a rust devil
  3006 | D:4      | Killed Robin
  3289 | D:4      | Noticed Ijyb
  3355 | D:4      | Received a gift from Nemelex Xobeh
  3429 | D:4      | Killed Ijyb
  3587 | D:4      | Found a staircase to the Ecumenical Temple.
  3758 | D:4      | Reached skill level 4 in Maces & Flails
  3857 | D:5      | Entered Level 5 of the Dungeon
  3907 | D:5      | Noticed a sky beast
  4160 | D:4      | HP: 7/47 [something (6)]
  4178 | D:4      | Killed a sky beast
  4178 | D:4      | Reached skill level 5 in Maces & Flails
  4178 | D:4      | Reached XP level 7. HP: 10/52 MP: 7/7
  4462 | D:5      | Found a basalt altar of Yredelemnul.
  4704 | D:5      | Reached ** piety under Nemelex Xobeh
  4754 | D:5      | Found a bloodstained altar of Trog.
  4875 | D:5      | Found Ezekolik's Food Shop.
  5025 | D:6      | Reached skill level 6 in Maces & Flails
  5195 | D:6      | Reached XP level 8. HP: 58/58 MP: 8/8
  5217 | D:6      | Reached skill level 7 in Maces & Flails
  5234 | D:6      | Found an opulent altar of Gozag.
  5365 | D:6      | Found a glowing drain.
  5431 | Sewer    | Entered a sewer
  5789 | D:6      | Reached skill level 8 in Maces & Flails
  5946 | D:7      | Received a gift from Nemelex Xobeh
  5948 | D:7      | Noticed a sixfirhy
  6037 | D:7      | Found a runed door.
  6127 | D:7      | Noticed a hippogriff
  6139 | D:7      | Killed a hippogriff
  6139 | D:7      | Reached skill level 9 in Maces & Flails
  6289 | D:7      | Reached XP level 9. HP: 50/64 MP: 9/9
  6403 | D:7      | Reached *** piety under Nemelex Xobeh
  6995 | D:8      | Noticed Harold
  7023 | D:8      | Received a gift from Nemelex Xobeh
  7147 | D:8      | Reached skill level 10 in Maces & Flails
  7531 | D:8      | Found a sparkling altar of Nemelex Xobeh.
  7679 | D:8      | Killed Harold
  7679 | D:8      | Reached skill level 11 in Maces & Flails
  7679 | D:8      | Reached XP level 10. HP: 70/70 MP: 10/10
  7863 | D:9      | Received a gift from Nemelex Xobeh
  8017 | D:9      | Found a staircase to the Orcish Mines.
  8059 | D:9      | HP: 17/70 [wolf[Grum] (2)]
  8064 | D:9      | HP: 5/70 [wolf[Grum] (9)]
  8110 | D:9      | Reached skill level 2 in Invocations
  8144 | D:9      | Noticed Grum
  8151 | D:9      | Killed Grum
  8213 | D:9      | Reached skill level 3 in Invocations
  8369 | D:9      | Reached skill level 4 in Invocations
  8538 | D:9      | Found a staircase to the Lair.
  8541 | D:9      | Reached skill level 3 in Armour
  8554 | D:9      | Reached skill level 5 in Invocations
  9094 | D:9      | Reached skill level 4 in Fighting
  9132 | D:9      | Reached skill level 2 in Dodging
  9244 | Lair:1   | Entered Level 1 of the Lair of Beasts
  9255 | Lair:1   | Noticed a spiny frog
  9267 | Lair:1   | Killed a spiny frog
  9317 | Lair:1   | Noticed a four-headed hydra
  9322 | Lair:1   | Banished a four-headed hydra
  9322 | Lair:1   | Reached XP level 11. HP: 78/78 MP: 15/15
  9432 | Lair:1   | Reached **** piety under Nemelex Xobeh
  9527 | Lair:1   | Received a gift from Nemelex Xobeh
  9773 | Lair:1   | Reached skill level 4 in Shields
  9943 | Lair:2   | Reached skill level 4 in Armour
  9955 | Lair:2   | Found a staircase to the Snake Pit.
 10016 | Lair:2   | Reached skill level 3 in Dodging
 10095 | Lair:2   | Found a labyrinth entrance.
 10095 | Lair:2   | Noticed a seven-headed hydra
 10108 | Lair:2   | Reached skill level 5 in Fighting
 10109 | Lair:2   | Killed a seven-headed hydra
 10111 | Lair:2   | Received a gift from Nemelex Xobeh
 10119 | Lab      | Entered a labyrinth
 10618 | Lab      | Reached skill level 6 in Invocations
 10670 | Lab      | Noticed a minotaur
 10700 | Lab      | Killed a minotaur
 10875 | Lair:2   | Found a staircase to the Swamp.
 10903 | Lair:2   | Found an ornate altar of the Wu Jian Council.
 10903 | Lair:2   | Received a gift from Nemelex Xobeh
 10948 | Lair:2   | Reached ***** piety under Nemelex Xobeh
 11024 | Lair:2   | Received a gift from Nemelex Xobeh
 11328 | Lair:3   | Noticed Ygeygat's ghost (journeyman GrFi)
 11331 | Lair:3   | Reached skill level 4 in Dodging
 11354 | Lair:3   | Reached skill level 5 in Shields
 11358 | Lair:3   | Reached skill level 5 in Armour
 11362 | Lair:3   | Reached skill level 6 in Fighting
 11407 | Lair:3   | Found a runed gate.
 11407 | Lair:3   | Found a runed gate.
 11409 | Lair:3   | Found a runed gate.
 11409 | Lair:3   | Received a gift from Nemelex Xobeh
 11430 | Lair:3   | Noticed an orb spider
 11430 | Lair:3   | a yak changed into an orb spider
 11430 | Lair:3   | Noticed a glowing shapeshifter
 11430 | Lair:3   | a torpor snail changed into a glowing shapeshifter
 11456 | Lair:3   | Banished an orb spider
 11462 | Lair:3   | Reached XP level 12. HP: 65/88 MP: 17/17
 11551 | Lair:3   | Reached skill level 7 in Invocations
 11928 | Lair:3   | Banished Ygeygat's ghost
 12001 | Lair:4   | Received a gift from Nemelex Xobeh
 12064 | Lair:4   | Reached skill level 5 in Dodging
 12129 | Lair:4   | Found a sparkling altar of Nemelex Xobeh.
 12291 | Lair:4   | Noticed a six-headed hydra
 12306 | Lair:4   | Killed a six-headed hydra
 12306 | Lair:4   | Reached skill level 7 in Fighting
 12306 | Lair:4   | Reached skill level 6 in Shields
 12327 | Lair:4   | Reached skill level 6 in Armour
 12350 | Lair:4   | Noticed a death yak
 12354 | Lair:4   | Noticed a death yak
 12355 | Lair:4   | Noticed a death yak
 12360 | Lair:4   | Killed a death yak
 12430 | Lair:3   | Killed a death yak
 12605 | Lair:4   | Noticed a catoblepas
 12613 | Lair:4   | Killed a catoblepas
 12796 | Lair:4   | Received a gift from Nemelex Xobeh
 12913 | Lair:4   | Reached skill level 8 in Invocations
 13188 | Lair:5   | HP: 18/92 [wolf (9)]
 13191 | Lair:5   | HP: 7/92 [blink frog (12)]
 13374 | Lair:5   | Noticed a five-headed hydra
 13379 | Lair:5   | Banished a five-headed hydra
 13414 | Lair:5   | Reached skill level 6 in Dodging
 13471 | Lair:5   | Gained mutation: You are in touch with the powers of death.
                  | [Mummy growth]
 13471 | Lair:5   | Reached XP level 13. HP: 95/98 MP: 19/19
 13535 | Lair:5   | Noticed Kirke
 13550 | Lair:5   | Banished Kirke
 13550 | Lair:5   | Reached skill level 8 in Fighting
 13701 | Lair:5   | Reached skill level 7 in Shields
 13859 | Lair:5   | Reached skill level 7 in Armour
 14169 | Lair:5   | Found a staircase to the Slime Pits.
 14304 | Lair:6   | Entered Level 6 of the Lair of Beasts
 14477 | Lair:6   | Received a gift from Nemelex Xobeh
 15178 | Lair:6   | Reached skill level 9 in Invocations
 15233 | Lair:6   | Reached skill level 7 in Dodging
 15249 | Lair:6   | Noticed an entropy weaver
 15249 | Lair:6   | a catoblepas changed into an entropy weaver
 15249 | Lair:6   | Noticed a storm dragon
 15249 | Lair:6   | a death yak changed into a storm dragon
 15261 | Lair:6   | Reached skill level 9 in Fighting
 15275 | Lair:6   | Killed an entropy weaver
 15290 | Lair:6   | Banished a storm dragon
 15420 | Lair:6   | Identified the +4 morningstar of Greatest Utility {protect,
                  | rElec Str+4 Int+2 Dex+2} (You found it on level 6 of the
                  | Lair of Beasts)
 15424 | Lair:6   | Identified the cursed +2 trident of Termination {pierce,
                  | rC+} (You found it on level 6 of the Lair of Beasts)
 15531 | Lair:6   | Received a gift from Nemelex Xobeh
 15579 | Lair:6   | Identified the +6 trident "Agoteumi" {holy, MR+} (You found
                  | it on level 6 of the Lair of Beasts)
 16053 | D:10     | Entered Level 10 of the Dungeon
 16053 | D:10     | Noticed Sonja
 16057 | D:10     | Killed Sonja
 16082 | D:10     | Received a gift from Nemelex Xobeh
 16767 | D:11     | Reached XP level 14. HP: 108/108 MP: 21/21
 16803 | D:11     | Found a runed door.
 16803 | D:11     | Noticed Tovarisch's ghost (journeyman VSWn)
 16835 | D:11     | Reached skill level 8 in Shields
 16967 | D:11     | Received a gift from Nemelex Xobeh
 17174 | D:11     | Reached skill level 8 in Armour
 17520 | D:12     | Received a gift from Nemelex Xobeh
 17635 | D:12     | Reached ****** piety under Nemelex Xobeh
 17751 | D:12     | Found a flagged portal.
 17783 | Bailey   | Entered a bailey
 17938 | Bailey   | Received a gift from Nemelex Xobeh
 18245 | Bailey   | Got a crude lapis lazuli ring
 18251 | Bailey   | Identified the ring "Rofref" {rElec rC+ MP+9} (You found it
                  | in a bailey)
 18735 | D:13     | Received a gift from Nemelex Xobeh
 18813 | D:13     | Noticed a ghoul
 18836 | D:13     | HP: 24/109 [ghoul (22)]
 18845 | D:13     | Killed a ghoul
 19106 | D:13     | Found a gate to the Vaults.
 19339 | D:13     | Reached skill level 8 in Dodging
 19355 | D:13     | Reached skill level 10 in Fighting
 19387 | D:13     | Noticed a ghoul
 19409 | D:13     | Killed a ghoul
 19438 | D:13     | Reached skill level 10 in Invocations
 19586 | D:13     | Found the +1 cloak of Starlight {rElec rC+ EV+4 Stlth--}
 19810 | D:13     | Received a gift from Nemelex Xobeh
 19833 | D:13     | Found a runed gate.
 19834 | D:13     | Found a runed gate.
 19835 | D:13     | Found a runed gate.
 19836 | D:13     | Noticed Yvemeref's ghost (journeyman FoFi)
 20000 | D:13     | Banished Yvemeref's ghost
 20337 | D:14     | Found Foerchu's Serpentskin Sales.
 20504 | D:14     | Received a gift from Nemelex Xobeh
 20614 | D:14     | Found Hakhad's Armour Emporium.
 20896 | D:14     | Bought the +0 Maxwell's etheric cage {RegenMP+ *Contam
                  | rElec MP+4} for 560 gold pieces
 20896 | D:14     | Found the +0 Maxwell's etheric cage {RegenMP+ *Contam rElec
                  | MP+4}
 21212 | D:14     | Received a gift from Nemelex Xobeh
 21241 | D:14     | Reached skill level 9 in Shields
 21598 | Orc:1    | Entered Level 1 of the Orcish Mines
 21699 | Orc:1    | Found a roughly hewn altar of Beogh.
 21713 | Orc:1    | Reached skill level 9 in Armour
 21842 | Orc:2    | Entered Level 2 of the Orcish Mines
 21842 | Orc:2    | Found a roughly hewn altar of Beogh.
 21879 | Orc:1    | Noticed an orc warlord
 22163 | Orc:1    | Banished an orc warlord
 22364 | Orc:1    | Found a runed door.
 22364 | Orc:1    | Noticed Daraetih's ghost (journeyman HOFi)
 22475 | Orc:1    | Banished Daraetih's ghost
 22475 | Orc:1    | Reached XP level 15. HP: 92/117 MP: 22/22
 22733 | Orc:2    | Found a staircase to the Elven Halls.
 22751 | Orc:2    | Received a gift from Nemelex Xobeh
 22976 | Orc:2    | HP: 27/117 [ice devil[the player character] (10)]
 23222 | Orc:2    | Received a gift from Nemelex Xobeh
 23438 | Orc:2    | HP: 11/117 [orc warrior/glaive (31)]
 23561 | Orc:2    | Found Cuxelej's Gadget Shop.
 23561 | Orc:2    | Found Wizun's Armour Emporium.
 23573 | Orc:2    | Found Xauhadeb's Magic Scroll Emporium.
 23605 | Orc:2    | Found Ehasedd's Antique Weapon Shop.
 23636 | Orc:2    | Bought a scroll of brand weapon for 280 gold pieces
 23636 | Orc:2    | Bought a scroll of brand weapon for 280 gold pieces
 23650 | Orc:2    | Bought a +3 plate armour of magic resistance for 720 gold
                  | pieces
 24597 | D:15     | Entered Level 15 of the Dungeon
 24611 | D:14     | HP: 29/117 [meliai/divine providence (14)]
 24616 | D:14     | Reached skill level 12 in Maces & Flails
 25256 | D:15     | Reached skill level 13 in Maces & Flails
 25609 | D:15     | Found a staircase to the Depths.
 25995 | Swamp:1  | Entered Level 1 of the Swamp
 26425 | Swamp:1  | Received a gift from Nemelex Xobeh
 26738 | Swamp:2  | Reached skill level 14 in Maces & Flails
 27146 | Swamp:2  | Reached XP level 16. HP: 124/124 MP: 24/24
 27487 | Swamp:3  | Received a gift from Nemelex Xobeh
 27520 | Swamp:3  | Received a gift from Nemelex Xobeh
 27988 | Swamp:3  | Reached skill level 9 in Dodging
 28015 | Swamp:3  | Reached skill level 11 in Fighting
 28258 | Swamp:4  | Entered Level 4 of the Swamp
 28309 | Swamp:4  | Noticed a thorn hunter
 28332 | Swamp:4  | Killed a thorn hunter
 28909 | Swamp:4  | Received a gift from Nemelex Xobeh
 28929 | Swamp:4  | Reached skill level 11 in Invocations
 29285 | Swamp:4  | Got a decaying rune of Zot
 29462 | Snake:1  | Entered Level 1 of the Snake Pit
 29737 | Snake:1  | Noticed Frances
 29751 | Snake:1  | Killed Frances
 30017 | Snake:1  | Received a gift from Nemelex Xobeh
 30053 | Snake:1  | Noticed Agnes
 30075 | Snake:1  | Killed Agnes
 30122 | Snake:1  | Reached skill level 10 in Shields
 30223 | Snake:1  | Reached skill level 10 in Armour
 30660 | Snake:1  | Received a gift from Nemelex Xobeh
 30780 | Snake:2  | You are sucked into a shaft!
 30780 | Snake:3  | Noticed Azrael
 30799 | Snake:3  | Found a basalt altar of Yredelemnul.
 30835 | Snake:2  | HP: 28/126 [black mamba (11)]
 30841 | Snake:2  | HP: 27/126 [black mamba (5)]
 30849 | Snake:2  | HP: 26/127 [black mamba (2)]
 30858 | Snake:2  | HP: 29/127 [naga mage/spear (2)]
 31234 | Snake:2  | Reached XP level 17. HP: 133/133 MP: 25/25
 31461 | Snake:2  | Received a gift from Nemelex Xobeh
 31587 | Snake:2  | Reached skill level 12 in Fighting
 31587 | Snake:2  | Reached skill level 10 in Dodging
 32080 | Snake:3  | Killed Azrael
 32696 | Snake:3  | Reached skill level 12 in Invocations
 33033 | Snake:3  | Received a gift from Nemelex Xobeh
 33323 | Snake:4  | Entered Level 4 of the Snake Pit
 33482 | Snake:4  | Found Kiebagum's Antique Weapon Shoppe.
 33911 | Snake:4  | Noticed Saint Roka
 33943 | Snake:4  | Noticed Vashnia
 33950 | Snake:4  | Killed Saint Roka
 33956 | Snake:4  | Killed Vashnia
 34049 | Snake:4  | Reached skill level 11 in Shields
 34255 | Snake:4  | Reached skill level 11 in Armour
 34266 | Snake:4  | Reached XP level 18. HP: 129/142 MP: 27/27
 34375 | Snake:4  | Reached skill level 15 in Maces & Flails
 34419 | Snake:4  | Noticed Asterion
 34611 | Snake:4  | Received a gift from Nemelex Xobeh
 34736 | Snake:4  | Killed Asterion
 35541 | Snake:4  | Got a serpentine rune of Zot
 35734 | Elf:1    | Entered Level 1 of the Elven Halls
 35767 | Elf:1    | Reached skill level 13 in Fighting
 35876 | Elf:1    | Noticed Louise
 35889 | Elf:1    | Killed Louise
 35986 | Elf:1    | Received a gift from Nemelex Xobeh
 36008 | Elf:1    | Reached skill level 11 in Dodging
 36282 | Elf:1    | Noticed a Brimstone Fiend
 36292 | Elf:1    | Noticed an Ice Fiend
 36512 | Elf:1    | Found a runed door.
 36514 | Elf:1    | Found a shimmering altar of Xom.
 36514 | Elf:1    | Noticed Ineca Zeom's ghost (adept SpEn)
 36644 | Elf:1    | Identified Nuzxous's Incunabulum of the Escort
 36749 | Elf:1    | Received a gift from Nemelex Xobeh
 36970 | Orc:2    | Got a steaming dire flail {chaos}
 36971 | Orc:2    | Identified a scroll of acquirement
 36972 | Orc:2    | Identified the +1 dire flail of Corporal Punishment {chaos,
                  | rC+ MP+9 Dex-5 Stlth+} (You subdued it on level 2 of the
                  | Orcish Mines)
 37158 | Vaults:1 | Entered Level 1 of the Vaults
 38044 | Vaults:1 | Received a gift from Nemelex Xobeh
 38286 | Vaults:1 | Received a gift from Nemelex Xobeh
 38899 | Vaults:2 | Received a gift from Nemelex Xobeh
 38904 | Vaults:2 | Reached skill level 13 in Invocations
 39028 | Vaults:2 | Noticed a bone dragon
 39043 | Vaults:2 | Killed a bone dragon
 39043 | Vaults:2 | Reached XP level 19. HP: 129/150 MP: 28/28
 39099 | Vaults:2 | Found a staircase to the Crypt.
 39462 | Vaults:2 | Found Emakomna's Gadget Shoppe.
 39610 | Vaults:2 | Received a gift from Nemelex Xobeh
 40015 | Vaults:3 | Reached skill level 12 in Shields
 40087 | Vaults:3 | Reached skill level 12 in Armour
 40966 | Vaults:3 | Received a gift from Nemelex Xobeh
 41427 | Vaults:3 | Received a gift from Nemelex Xobeh
 41432 | Vaults:3 | Reached skill level 14 in Fighting
 42147 | Vaults:3 | Noticed a lich
 42163 | Vaults:3 | Killed a lich
 42278 | Vaults:3 | Reached skill level 12 in Dodging
 43120 | Vaults:4 | Reached XP level 20. HP: 153/159 MP: 30/30
 43282 | Vaults:4 | Found Ciopeala's Armour Emporium.
 43291 | Vaults:4 | Received a gift from Nemelex Xobeh
 43327 | Vaults:4 | Bought a +1 helmet of see invisible for 297 gold pieces
 43510 | Vaults:4 | HP: 33/160 [yaktaur (23)]
 44614 | Vaults:4 | Received a gift from Nemelex Xobeh
 44760 | Vaults:5 | Entered Level 5 of the Vaults
 44827 | Vaults:4 | Reached skill level 14 in Invocations
 46466 | Vaults:5 | Reached skill level 13 in Armour
 46466 | Vaults:5 | Reached skill level 13 in Shields
 46507 | Vaults:5 | Reached skill level 15 in Fighting
 47162 | Vaults:5 | Reached XP level 21. HP: 159/168 MP: 31/31
 47192 | Vaults:5 | Found Ixishrak's Distillery.
 47252 | Vaults:5 | HP: 27/168 [deep elf sorcerer/bolt of acid (27)]
 47255 | Vaults:5 | HP: 12/168 [deep elf high priest/divine providence (8)]
 47396 | Vaults:5 | Reached skill level 13 in Dodging
 47522 | Vaults:5 | Noticed an ancient lich
 47542 | Vaults:5 | Killed an ancient lich
 47579 | Vaults:5 | Noticed a golden dragon
 47915 | Vaults:5 | Received a gift from Nemelex Xobeh
 47925 | Vaults:5 | Got a scorched leather armour
 47927 | Vaults:5 | Identified the +2 leather armour of the Fisher {MR+ Int+2}
                  | (You found it on level 5 of the Vaults)
 47964 | Vaults:5 | Identified the Compendium of Twisted Summoning
 48464 | Vaults:5 | Got a jewelled leather armour
 48467 | Vaults:5 | Identified the +3 leather armour "Heton" {rElec rCorr
                  | Slay+2} (You took it off a deep elf sorcerer on level 5 of
                  | the Vaults)
 48577 | Vaults:5 | Killed a golden dragon
 49059 | Vaults:5 | Noticed a golden dragon
 49076 | Vaults:5 | Killed a golden dragon
 49223 | Vaults:5 | Identified Zunoerr's Volume of Summoning and Toxins
 49346 | Vaults:5 | Found Caen Umu's Weapon Shop.
 49355 | Vaults:5 | Got a silver rune of Zot
 49432 | Vaults:5 | Got a smoking mace
 49433 | Vaults:5 | Identified the +7 mace of Mumoq {crush, rN+} (You found it
                  | on level 5 of the Vaults)
 49669 | Depths:1 | Entered Level 1 of the Depths
 49669 | Depths:1 | Found a one-way gate to the infinite horrors of the Abyss.
 49684 | Depths:1 | Reached skill level 15 in Invocations
 50604 | Depths:1 | Received a gift from Nemelex Xobeh
 50616 | Depths:1 | Upgraded the game from 0.23-a0-303-gfcac5de to
                  | 0.23-a0-305-g7ffd15e
 51149 | Depths:1 | Found a gateway to Hell.
 51538 | Depths:2 | Reached skill level 16 in Fighting
 52058 | Depths:2 | Reached XP level 22. HP: 178/178 MP: 33/33
 52777 | Depths:2 | Reached skill level 14 in Shields
 52785 | Depths:2 | Reached skill level 14 in Armour
 52860 | Depths:2 | Received a gift from Nemelex Xobeh
 53486 | Elf:2    | Found a runed gate.
 53486 | Elf:2    | Found a runed gate.
 53486 | Elf:2    | Found a runed gate.
 53514 | Elf:2    | Found Fouff's Food Emporium.
 54411 | Elf:2    | Reached skill level 14 in Dodging
 54910 | Elf:3    | Entered Level 3 of the Elven Halls
 54941 | Elf:3    | Received a gift from Nemelex Xobeh
 55532 | Elf:3    | Noticed Nikola
 55559 | Elf:3    | Killed Nikola
 55607 | Elf:3    | Received a gift from Nemelex Xobeh
 56474 | Elf:3    | Reached skill level 16 in Invocations
 56556 | Elf:3    | Reached XP level 23. HP: 101/186 MP: 18/35
 56815 | Elf:3    | Got a brightly glowing platinum ring
 56953 | Elf:3    | Found the +3 giant club "Skullcrusher" {speed, Str+7}
 56962 | Elf:3    | Identified the ring "Betebast" {rF+ Stlth-} (You took it
                  | off a deep elf annihilator on level 3 of the Elven Halls)
 57041 | Elf:3    | Identified the Collected Works on Ashen Envenoming
 57045 | Elf:3    | Identified Cujamebb's Disquisition on Frigorific Aid
 57050 | Elf:3    | Identified the +7 chain mail "Docehu" {MP+9} (You found it
                  | on level 3 of the Elven Halls)
 57123 | Elf:3    | Got a shimmering ruby amulet
 57125 | Elf:3    | Identified the amulet "Taolah" {Acrobat +Inv rElec SInv}
                  | (You acquired it on level 3 of the Elven Halls)
 57304 | Elf:3    | Got a jewelled hand crossbow
 57305 | Elf:3    | Identified the +7 hand crossbow of the Gnat {venom, Str+5}
                  | (You found it on level 3 of the Elven Halls)
 57903 | Depths:2 | HP: 38/186 [deep troll earth mage (14)]
 57908 | Depths:2 | HP: 30/186 [deep troll (1)]
 57913 | Depths:2 | HP: 20/186 [deep troll (12)]
 58531 | Depths:2 | Got a heavily runed ring mail
 58532 | Depths:2 | Identified the +0 ring mail "Jerofozour" {*Drain rPois
                  | Str+10} (You found it on level 2 of the Depths)
 58632 | Depths:2 | Received a gift from Nemelex Xobeh
 58679 | Depths:2 | Found a gateway to a ziggurat.
 58841 | Depths:2 | Reached skill level 17 in Fighting
 59165 | Depths:2 | Identified the Incunabulum of Syndicalism
 59166 | Depths:2 | Got a pair of distressingly furry boots
 59167 | Depths:2 | Identified the +0 pair of boots of Grace {*Contam rElec
                  | Regen+} (You found it on level 2 of the Depths)
 59178 | Depths:2 | Got a fine lapis lazuli ring
 59180 | Depths:2 | Identified the ring "Dogu" {+Blink rF- Str+8 Slay-5 Stlth-}
                  | (You found it on level 2 of the Depths)
 59348 | Depths:3 | Received a gift from Nemelex Xobeh
 59400 | Depths:3 | Found Lorchobeg's General Store.
 59648 | Depths:3 | Noticed Xtahua
 59661 | Depths:3 | Killed Xtahua
 59880 | Depths:3 | Found a transporter.
 59882 | Depths:3 | Found a transporter.
 59901 | Depths:3 | Found a one-way gate leading to the halls of Pandemonium.
 59987 | Depths:3 | Received a gift from Nemelex Xobeh
 60809 | Depths:3 | Reached skill level 15 in Shields
 60929 | Depths:4 | Received a gift from Nemelex Xobeh
 61129 | Depths:4 | Found a corrupted altar of Lugonu.
 61135 | Depths:4 | Found Wyutu's Jewellery Shop.
 61144 | Depths:4 | Found Oweholoj's Gadget Emporium.
 61145 | Depths:4 | Found Atonn's Jewellery Shop.
 61151 | Depths:4 | Bought an uncursed ring of see invisible for 330 gold
                  | pieces
 61197 | Depths:4 | Reached skill level 15 in Armour
 61236 | Depths:4 | Got a steaming cloak
 61239 | Depths:4 | Identified the cursed +0 cloak "Loil" {+Inv MR+} (You found
                  | it on level 4 of the Depths)
 61303 | Depths:4 | Received a gift from Nemelex Xobeh
 61692 | Depths:4 | Reached skill level 1 in Evocations
 61879 | Depths:4 | Received a gift from Nemelex Xobeh
 62100 | Depths:5 | Entered Level 5 of the Depths
 62182 | Depths:4 | Reached skill level 2 in Evocations
 62298 | Depths:5 | Found a snail-covered altar of Cheibriados.
 62487 | Depths:5 | Found a large runed door.
 62487 | Depths:5 | Found a large runed door.
 62487 | Depths:5 | Noticed Gupsidadd's ghost (veteran MiBe)
 62500 | Depths:5 | Reached skill level 3 in Evocations
 62551 | Depths:5 | Reached skill level 4 in Evocations
 63049 | Depths:5 | Reached skill level 5 in Evocations
 63071 | Depths:5 | Received a gift from Nemelex Xobeh
 63185 | Depths:5 | Found Riomerch's Assorted Antiques.
 63621 | Depths:5 | Reached skill level 6 in Evocations
 63680 | Depths:5 | Found a gate to the Realm of Zot.
 63691 | Depths:5 | Reached XP level 24. HP: 127/195 MP: 35/35
 63800 | Zot:1    | Entered Level 1 of the Realm of Zot
 63814 | Zot:1    | Received a gift from Nemelex Xobeh
 63825 | Zot:1    | Reached skill level 7 in Evocations
 63864 | Zot:1    | HP: 43/195 [green draconian monk (27)]
 63882 | Zot:1    | HP: 46/195 [purple draconian shifter/whip (3)]
 64115 | Zot:1    | Reached skill level 8 in Evocations
 64554 | Zot:1    | Reached skill level 9 in Evocations
 64995 | Zot:1    | Received a gift from Nemelex Xobeh
 65618 | Zot:2    | Reached skill level 10 in Evocations
 65943 | Zot:2    | HP: 47/195 [golden dragon (2)]
 65954 | Zot:2    | HP: 36/195 [something/shard of ice (18)]
 65956 | Zot:2    | HP: 15/195 [purple draconian/bolt of dispelling energy
                  | (10)]
 65967 | Zot:2    | HP: 17/195 [storm dragon/bolt of lightning (7)]
 66241 | Zot:1    | Reached skill level 15 in Dodging
 66738 | Zot:2    | Received a gift from Nemelex Xobeh
 67624 | Zot:2    | Reached skill level 18 in Fighting
 67624 | Zot:2    | Noticed Tiamat
 67658 | Zot:2    | Killed Tiamat
 67726 | Zot:2    | Identified the +9 glaive of Kalob {elec, rElec Str+2} (You
                  | found it on level 2 of the Realm of Zot)
 67727 | Zot:2    | Identified the ring "Iwiycaxo" {rCorr Dex+2} (You found it
                  | on level 2 of the Realm of Zot)
 67935 | Zot:2    | Reached XP level 25. HP: 147/204 MP: 35/35
 67993 | Zot:2    | Identified the Incunabulum of Mutagenic Fire
 68160 | Zot:2    | Identified a +2 pair of boots of running (You found it on
                  | level 2 of the Realm of Zot)
 68540 | Zot:3    | Noticed an orb of fire
 68558 | Zot:3    | HP: 31/205 [orb of fire/bolt of fire (26)]
 68560 | Zot:3    | HP: 9/205 [orb of fire/fireball (24)]
 68562 | Zot:3    | Killed from afar by an orb of fire

Vault maps used:
D:1:      dpeg_arrival_radiant, nemelex_xobeh_ov_fountains_minmay
D:3:      nrook_loot_triangle, uniq_jessica
D:4:      temple_fountains, first_ration, uniq_robin, uniq_ijyb, uniq_sigmund
D:5:      yredelemnul_altar_generic, serial_shops, kennysheep_mini_moat,
          trog_butcher_becter
D:6:      grunt_gozag_statues, portal_sewer_entry_b
D:7:      cheibrodos_shockbox, grunt_decor_one_mirror
D:8:      nemelex_spade_bored_becter, uniq_harold
D:9:      minmay_lair_entry_grove, kennysheep_orc_monster_closet_entryway,
          grunt_pizzeria, kennysheep_generic_room_5, uniq_grum
D:10:     uniq_sonja
D:11:     hellmonk_ghost_happy_afterlife, minmay_statue_bubble
D:12:     enter_bailey_3
D:13:     minmay_tri_box, erik_vaults_1, gammafunk_ghost_nasty_kobolds,
          serial_undead, serial_undead_b, serial_undead_c, serial_undead_a,
          serial_undead_f, serial_undead_f
D:14:     bh_walls_and_bars, serial_shops, nicolae_shop_statue_plus,
          guppyfry_shop_venom
D:15:     grunt_enter_depths_magical_seal, hangedman_abyss_or_decor_stabs
Lair:2:   swamp_mist_pool, minmay_snake_entry_guardpost_small, basic_altar,
          lab_entry_generic
Lair:3:   gammafunk_ghost_split, serial_bayou_lagoon_a
Lair:4:   basic_altar, minivault_23, minmay_lair_oklob_chamber,
          serial_bayou_shore_a, grunt_megastairs_4
Lair:5:   dpeg_slime_entry_corner, nicolae_volcano_entry_hallway, uniq_kirke
Lair:6:   grunt_lair_end_beastmaster
Swamp:1:  evilmike_swamp_ruin_house_1
Swamp:2:  hangedman_swamp_ruin_wall, swamp_pool1, nicolae_swamp_dragon_and_kin
Swamp:3:  evilmike_swamp_ruin_rubble_2, swamp_pool2,
          nicolae_swamp_spriggan_camp, infiniplex_staircase_pool
Swamp:4:  swamp_icy, swamp_pool1
Snake:1:  guppyfry_library_mini, serial_bayou_shore_b, uniq_frances, uniq_agnes
Snake:2:  basic_stair_grate_trap
Snake:3:  serial_bayou_pond_d, lemuel_oklob_altar, grunt_megastairs_3,
          serial_bayou_shore_b, uniq_azrael
Snake:4:  johnstein_snake_rune_scales, serial_shops, shop_statue, special_room,
          minmay_snake_pond, uniq_saint_roka, uniq_asterion
Orc:1:    ebering_ghost_reflecting_pool, kennysheep_orc_chapel
Orc:2:    st_orc_elflike, basic_altar
Elf:1:    eino_elf_arrival_customs, ebering_ghost_xom, minmay_elf_demonology,
          uniq_louise
Elf:2:    serial_shops, nicolae_shop_competitors_out_of_business
Elf:3:    elf_hall, uniq_nikola
Vaults:1: v_rooms_5, ontoclasm_vaults_gallery, ontoclasm_vaults_pinch,
          grunt_vaults_funnel, vaults_dpeg_diagonal, nicolae_vaults_theta,
          v_misc_30, ontoclasm_vaults_decontamination
Vaults:2: minmay_crypt_entry_nasty_monster, hangedman_vaults_snaps,
          hangedman_vaults_corner_blocks, nicolae_vaults_ninety_degrees,
          nicolae_vaults_bisected_slash, v_misc_10, v_misc_12,
          vaults_mumra_chevron_long, vaults_room_pools, v_misc_33,
          vaults_dpeg_hooks, v_misc_11, serial_shops, shop
Vaults:3: hangedman_vaults_hat, st_greater_box_3, v_misc_18,
          hangedman_vaults_maws, hangedman_vaults_nails,
          ontoclasm_vaults_gateway, ontoclasm_vaults_chip,
          ontoclasm_vaults_idyll, vaults_room_door_ring,
          nicolae_vaults_gold_heap, vaults_dpeg_ring
Vaults:4: v_misc_17, nicolae_vaults_network_square, nicolae_vaults_angled_halls,
          ontoclasm_vaults_eye, v_pattern_1, nicolae_vaults_network_quincunx,
          hangedman_vaults_maws, vaults_room_grunt_arrival_ludios,
          nicolae_vaults_shelves_hall, vaults_room_grid,
          nicolae_vaults_asterisk, ontoclasm_vaults_ligature,
          grunt_vaults_hallway_short, serial_shops, nicolae_shop_crystal
Depths:1: abyss_entry, kennysheep_decorative_pillar,
          pf_vacation_house_of_asmodeus, dk_noncrumbling_4,
          hangedman_cracks_in_the_wall
Depths:2: minmay_the_grid_net, enter_ziggurat_e, hell_entry, nrook_uturn
Depths:3: gammafunk_the_bubble, hell_entry, serial_shops, shop,
          minmay_misc_feat_encased, rand_demon_pan_entry_5, interstate_on_off,
          grunt_decor_cap, minivault_16, minmay_staircase_bubble, uniq_xtahua
Depths:4: minmay_isolated_rectangles_in_corner, rand_demon_pan_entry_9,
          nicolae_wwwww, abyss_entry_flame_altar, hell_entry,
          hangedman_abyss_or_decor_passed, minmay_shop_grove
Depths:5: grunt_zot_entry_hairpin, serial_shops, shop, cheibriados_altar_1,
          rand_demon_pan_entry_4, hell_entry, ebering_ghost_disaster_area
Zot:1:    lemuel_draconian_sentries_small
Zot:2:    st_grand_hoard_of_tiamat
Lab:      labyrinth_green, labyrinth_skeletal_remains, nicolae_lab_arrow,
          lab_block, nicolae_lab_big_swirl
Sewer:    sewer_frog_island_02
Bailey:   bailey_polearm_2, bailey

Skill      XL: |  1  2  3  4  5  6  7  8  9 10 11 12 13 14 15 16 17 18 19 20 21 22 23 24 |
---------------+-------------------------------------------------------------------------+-----
Maces & Flails | 2 3 5 6 9 11 14 15 | 15.9
Dodging        | 1 2 4 6 7 8 9 10 11 12 13 14 15 | 15.7
Invocations    | 1 5 6 8 9 10 11 12 13 14 15 16 | 16.5
Shields        | 3 5 6 7 9 10 11 12 13 14 15 | 15.0
Axes           | 1 |  1.1
Armour         | 3 5 6 7 9 10 11 12 13 14 15 | 15.9
Fighting       | 4 6 7 9 10 11 12 13 14 15 16 17 18 | 18.4
Evocations     | 6 10 | 10.1

Action                   |  1- 3 |  4- 6 |  7- 9 | 10-12 | 13-15 | 16-18 | 19-21 | 22-24 | 25-27 || total
-------------------------+-------+-------+-------+-------+-------+-------+-------+-------+-------++-------
Melee: Flail             |   171 |    27 |       |       |       |       |       |       |       ||   198
       Hand axe          |       |    36 |       |       |       |       |       |       |       ||    36
       Whip              |       |    78 |   410 |   758 |  1558 |       |       |       |       ||  2804
       Morningstar       |       |       |       |       |   632 |  2330 |  2233 |  1019 |       ||  6214
       Demon whip        |       |       |       |       |    17 |   120 |       |       |       ||   137
       Eveningstar       |       |       |       |       |       |       |       |  1749 |   120 ||  1869
Invok: Triple Draw       |       |       |       |     2 |     1 |       |     3 |     1 |       ||     7
       Deal Four         |       |       |       |     1 |     6 |     2 |     1 |       |       ||    10
 Abil: Stop Flying       |       |       |       |       |       |       |     1 |       |       ||     1
Evoke: Deck              |     1 |     5 |     1 |    32 |    52 |    76 |    99 |    59 |     4 ||   329
       Wand              |       |     2 |     6 |    11 |    22 |    21 |       |    12 |     1 ||    75
       Box of beasts     |       |       |       |       |     1 |     1 |       |       |       ||     2
       Fan of gales      |       |       |       |       |       |       |     2 |     2 |       ||     4
       Sack of spiders   |       |       |       |       |       |       |       |     9 |       ||     9
       Lamp of fire      |       |       |       |       |       |       |       |     1 |       ||     1
  Use: Scroll            |     2 |     6 |     8 |    14 |    18 |    17 |    13 |    19 |     2 ||    99
 Stab: Distracted        |       |       |       |     3 |     3 |     7 |    10 |     3 |       ||    26
       Petrified         |       |       |       |       |     5 |     8 |    14 |    16 |       ||    43
       Petrifying        |       |       |       |       |     1 |     1 |     1 |     1 |       ||     4
       Paralysed         |       |       |       |       |       |     1 |       |       |       ||     1
Armor: Scale mail        |   102 |    72 |   143 |       |       |       |       |       |       ||   317
       Ring mail         |       |       |       |   175 |   259 |       |       |       |       ||   434
       Plate armour      |       |       |       |       |   387 |   938 |   836 |   910 |    38 ||  3109
Dodge: Dodged            |    69 |    45 |   116 |   185 |   986 |  1247 |  1153 |  1281 |    52 ||  5134
       Deflected         |       |       |       |     1 |    20 |       |       |       |       ||    21
Block: Shield            |   116 |    61 |   158 |   271 |  1233 |  1681 |  1505 |  1627 |    57 ||  6709

Table legend:
 A = Non-vault XP
 B = Vault XP
 C = Vault XP percentage of total XP
 D = Non-vault monster count
 E = Vault monster count
 F = Vault count percentage of total count
                 A         B        C        D         E       F
            +---------+---------+-------+---------+---------+-------
      Total |  644190 |  519602 |  44.6 |    1420 |     773 |  35.2
            +---------+---------+-------+---------+---------+-------
        D:1 |      31 |       0 |   0.0 |      18 |       0 |   0.0
        D:2 |      96 |       0 |   0.0 |      27 |       0 |   0.0
        D:3 |      74 |      37 |  33.3 |      16 |       1 |   5.9
        D:4 |     238 |     224 |  48.5 |       6 |      13 |  68.4
        D:5 |     286 |       3 |   1.0 |      21 |       3 |  12.5
        D:6 |     766 |      17 |   2.2 |      23 |       6 |  20.7
        D:7 |     945 |       0 |   0.0 |      19 |       0 |   0.0
        D:8 |    1496 |    1010 |  40.3 |      30 |       2 |   6.2
        D:9 |    1291 |    3292 |  71.8 |      31 |      37 |  54.4
       D:10 |    1722 |     814 |  32.1 |      23 |       1 |   4.2
       D:11 |    4105 |      69 |   1.7 |      20 |       1 |   4.8
       D:12 |    3299 |       8 |   0.2 |      20 |       4 |  16.7
       D:13 |    5177 |   12931 |  71.4 |      31 |      29 |  48.3
       D:14 |   10350 |     989 |   8.7 |      47 |       4 |   7.8
       D:15 |   17824 |    3275 |  15.5 |      40 |       7 |  14.9
     Lair:1 |    3519 |       0 |   0.0 |      12 |       0 |   0.0
     Lair:2 |    5380 |     495 |   8.4 |      22 |       3 |  12.0
     Lair:3 |    6482 |    1782 |  21.6 |      23 |       5 |  17.9
     Lair:4 |    7299 |    1051 |  12.6 |      25 |       3 |  10.7
     Lair:5 |    8924 |    1903 |  17.6 |      41 |       6 |  12.8
     Lair:6 |    7621 |    7928 |  51.0 |      36 |      16 |  30.8
    Swamp:1 |    7116 |       0 |   0.0 |      28 |       0 |   0.0
    Swamp:2 |    7240 |    1117 |  13.4 |      22 |       4 |  15.4
    Swamp:3 |    4632 |    1783 |  27.8 |      17 |       4 |  19.0
    Swamp:4 |   11463 |    7648 |  40.0 |      36 |      29 |  44.6
    Snake:1 |   14370 |    6616 |  31.5 |      28 |      10 |  26.3
    Snake:2 |   27531 |     156 |   0.6 |      56 |       1 |   1.8
    Snake:3 |   21313 |    5999 |  22.0 |      46 |      15 |  24.6
    Snake:4 |   23889 |   32928 |  58.0 |      47 |      90 |  65.7
      Orc:1 |    3022 |    2703 |  47.2 |      17 |       8 |  32.0
      Orc:2 |    2746 |    6293 |  69.6 |      36 |      25 |  41.0
      Elf:1 |   15925 |    8762 |  35.5 |      21 |      13 |  38.2
      Elf:2 |   28275 |   22091 |  43.9 |      51 |      28 |  35.4
      Elf:3 |   25023 |   36923 |  59.6 |      35 |      28 |  44.4
   Vaults:1 |   17255 |   13432 |  43.8 |      37 |      17 |  31.5
   Vaults:2 |   18705 |   10347 |  35.6 |      40 |      10 |  20.0
   Vaults:3 |   20526 |   46581 |  69.4 |      44 |      53 |  54.6
   Vaults:4 |   38465 |   51016 |  57.0 |      49 |      60 |  55.0
   Vaults:5 |   19448 |   84963 |  81.4 |      28 |      54 |  65.9
   Depths:1 |   36984 |    6855 |  15.6 |      54 |      11 |  16.9
   Depths:2 |   26875 |   27995 |  51.0 |      39 |      28 |  41.8
   Depths:3 |   26619 |    9846 |  27.0 |      31 |       6 |  16.2
   Depths:4 |   18747 |   14453 |  43.5 |      24 |      15 |  38.5
   Depths:5 |   22022 |   28575 |  56.5 |      24 |      20 |  45.5
      Zot:1 |   49328 |    7599 |  13.3 |      33 |       5 |  13.2
      Zot:2 |   56040 |   45895 |  45.0 |      38 |      22 |  36.7
      Zot:3 |   13706 |       0 |   0.0 |       8 |       0 |   0.0
        Lab |       0 |    1256 | 100.0 |       0 |       3 | 100.0
      Sewer |       0 |     317 | 100.0 |       0 |      51 | 100.0
     Bailey |       0 |    1625 | 100.0 |       0 |      22 | 100.0
            +---------+---------+-------+---------+---------+-------

Vault maps used:
D:1:      dpeg_arrival_radiant, nemelex_xobeh_ov_fountains_minmay
D:3:      nrook_loot_triangle, uniq_jessica
D:4:      temple_fountains, first_ration, uniq_robin, uniq_ijyb, uniq_sigmund
D:5:      yredelemnul_altar_generic, serial_shops, kennysheep_mini_moat,
          trog_butcher_becter
D:6:      grunt_gozag_statues, portal_sewer_entry_b
D:7:      cheibrodos_shockbox, grunt_decor_one_mirror
D:8:      nemelex_spade_bored_becter, uniq_harold
D:9:      minmay_lair_entry_grove, kennysheep_orc_monster_closet_entryway,
          grunt_pizzeria, kennysheep_generic_room_5, uniq_grum
D:10:     uniq_sonja
D:11:     hellmonk_ghost_happy_afterlife, minmay_statue_bubble
D:12:     enter_bailey_3
D:13:     minmay_tri_box, erik_vaults_1, gammafunk_ghost_nasty_kobolds,
          serial_undead, serial_undead_b, serial_undead_c, serial_undead_a,
          serial_undead_f, serial_undead_f
D:14:     bh_walls_and_bars, serial_shops, nicolae_shop_statue_plus,
          guppyfry_shop_venom
D:15:     grunt_enter_depths_magical_seal, hangedman_abyss_or_decor_stabs
Lair:2:   swamp_mist_pool, minmay_snake_entry_guardpost_small, basic_altar,
          lab_entry_generic
Lair:3:   gammafunk_ghost_split, serial_bayou_lagoon_a
Lair:4:   basic_altar, minivault_23, minmay_lair_oklob_chamber,
          serial_bayou_shore_a, grunt_megastairs_4
Lair:5:   dpeg_slime_entry_corner, nicolae_volcano_entry_hallway, uniq_kirke
Lair:6:   grunt_lair_end_beastmaster
Swamp:1:  evilmike_swamp_ruin_house_1
Swamp:2:  hangedman_swamp_ruin_wall, swamp_pool1, nicolae_swamp_dragon_and_kin
Swamp:3:  evilmike_swamp_ruin_rubble_2, swamp_pool2,
          nicolae_swamp_spriggan_camp, infiniplex_staircase_pool
Swamp:4:  swamp_icy, swamp_pool1
Snake:1:  guppyfry_library_mini, serial_bayou_shore_b, uniq_frances, uniq_agnes
Snake:2:  basic_stair_grate_trap
Snake:3:  serial_bayou_pond_d, lemuel_oklob_altar, grunt_megastairs_3,
          serial_bayou_shore_b, uniq_azrael
Snake:4:  johnstein_snake_rune_scales, serial_shops, shop_statue, special_room,
          minmay_snake_pond, uniq_saint_roka, uniq_asterion
Orc:1:    ebering_ghost_reflecting_pool, kennysheep_orc_chapel
Orc:2:    st_orc_elflike, basic_altar
Elf:1:    eino_elf_arrival_customs, ebering_ghost_xom, minmay_elf_demonology,
          uniq_louise
Elf:2:    serial_shops, nicolae_shop_competitors_out_of_business
Elf:3:    elf_hall, uniq_nikola
Vaults:1: v_rooms_5, ontoclasm_vaults_gallery, ontoclasm_vaults_pinch,
          grunt_vaults_funnel, vaults_dpeg_diagonal, nicolae_vaults_theta,
          v_misc_30, ontoclasm_vaults_decontamination
Vaults:2: minmay_crypt_entry_nasty_monster, hangedman_vaults_snaps,
          hangedman_vaults_corner_blocks, nicolae_vaults_ninety_degrees,
          nicolae_vaults_bisected_slash, v_misc_10, v_misc_12,
          vaults_mumra_chevron_long, vaults_room_pools, v_misc_33,
          vaults_dpeg_hooks, v_misc_11, serial_shops, shop
Vaults:3: hangedman_vaults_hat, st_greater_box_3, v_misc_18,
          hangedman_vaults_maws, hangedman_vaults_nails,
          ontoclasm_vaults_gateway, ontoclasm_vaults_chip,
          ontoclasm_vaults_idyll, vaults_room_door_ring,
          nicolae_vaults_gold_heap, vaults_dpeg_ring
Vaults:4: v_misc_17, nicolae_vaults_network_square, nicolae_vaults_angled_halls,
          ontoclasm_vaults_eye, v_pattern_1, nicolae_vaults_network_quincunx,
          hangedman_vaults_maws, vaults_room_grunt_arrival_ludios,
          nicolae_vaults_shelves_hall, vaults_room_grid,
          nicolae_vaults_asterisk, ontoclasm_vaults_ligature,
          grunt_vaults_hallway_short, serial_shops, nicolae_shop_crystal
Depths:1: abyss_entry, kennysheep_decorative_pillar,
          pf_vacation_house_of_asmodeus, dk_noncrumbling_4,
          hangedman_cracks_in_the_wall
Depths:2: minmay_the_grid_net, enter_ziggurat_e, hell_entry, nrook_uturn
Depths:3: gammafunk_the_bubble, hell_entry, serial_shops, shop,
          minmay_misc_feat_encased, rand_demon_pan_entry_5, interstate_on_off,
          grunt_decor_cap, minivault_16, minmay_staircase_bubble, uniq_xtahua
Depths:4: minmay_isolated_rectangles_in_corner, rand_demon_pan_entry_9,
          nicolae_wwwww, abyss_entry_flame_altar, hell_entry,
          hangedman_abyss_or_decor_passed, minmay_shop_grove
Depths:5: grunt_zot_entry_hairpin, serial_shops, shop, cheibriados_altar_1,
          rand_demon_pan_entry_4, hell_entry, ebering_ghost_disaster_area
Zot:1:    lemuel_draconian_sentries_small
Zot:2:    st_grand_hoard_of_tiamat
Lab:      labyrinth_green, labyrinth_skeletal_remains, nicolae_lab_arrow,
          lab_block, nicolae_lab_big_swirl
Sewer:    sewer_frog_island_02
Bailey:   bailey_polearm_2, bailey

Table legend:
 A = Turns spent in this place as a percentage of turns spent in the entire game.
 B = Non-inter-level travel turns spent in this place as a percentage of non-inter-level travel turns spent in the entire game.
 C = Inter-level travel turns spent in this place as a percentage of turns spent in this place.
 D = Turns resting spent in this place as a percentage of non-inter-level travel turns spent in this place.
 E = Turns spent auto-exploring this place as a percentage of non-inter-level travel turns spent in this place.
 F = Non-inter-level travel turns spent in this place divided by the number of levels of this place that you've seen.
                   A       B       C       D       E      F
               +-------+-------+-------+-------+-------+----------------------
         Total | 100.0 | 100.0 |   5.9 |  24.6 |  41.2 | 1289.7
       Dungeon |  23.8 |  22.6 |  10.7 |  18.9 |  53.7 | 971.7
          Lair |   9.8 |   9.4 |  10.3 |  13.2 |  52.7 | 1009.3
         Swamp |   5.0 |   5.0 |   6.0 |   8.1 |  56.4 | 809.0
     Snake Pit |   8.8 |   9.0 |   4.4 |  21.3 |  36.0 | 1446.2
  Orcish Mines |   3.6 |   3.5 |   8.2 |  22.3 |  38.7 | 1139.0
   Elven Halls |   8.1 |   8.3 |   4.1 |  21.3 |  38.6 | 1774.0
        Vaults |  18.1 |  18.8 |   2.6 |  36.8 |  31.3 | 2421.8
        Depths |  13.9 |  14.3 |   3.2 |  31.3 |  38.9 | 1847.2
           Zot |   6.7 |   7.0 |   2.2 |  38.5 |  24.3 | 1507.7
     Labyrinth |   0.9 |   0.9 |   0.0 |   0.0 |   0.0 | 611.0
         Sewer |   0.4 |   0.4 |   0.0 |   0.0 |  23.4 | 265.0
        Bailey |   0.7 |   0.8 |   0.0 |  10.8 |  35.3 | 490.0
               +-------+-------+-------+-------+-------+----------------------

Table legend:
 A = Kills in this place as a percentage of kills in entire the game.
 B = Kills by you in this place as a percentage of kills by you in the entire game.
 C = Kills by friends in this place as a percentage of kills by friends in the entire game.
 D = Other kills in this place as a percentage of other kills in the entire game.
 E = Experience gained in this place as a percentage of experience gained in the entire game.
 F = Experience gained in this place divided by the number of levels of this place that you have seen.
                   A       B       C       D       E      F
               +-------+-------+-------+-------+-------+----------------------
         Total | 100.0 | 100.0 | 100.0 | 100.0 | 100.0 | 23275.8
       Dungeon |  21.9 |  22.1 |  13.7 |  38.2 |   6.0 | 4691.3
          Lair |   8.8 |   7.6 |   6.6 |  32.7 |   4.5 | 8730.7
         Swamp |   6.4 |   7.0 |   3.9 |   1.8 |   3.5 | 10249.8
     Snake Pit |  13.4 |  11.1 |  34.0 |   3.6 |  11.4 | 33200.5
  Orcish Mines |   3.9 |   4.1 |   2.0 |   5.5 |   1.3 | 7382.0
   Elven Halls |   8.0 |   8.9 |   4.7 |   0.9 |  11.8 | 45666.3
        Vaults |  17.9 |  17.6 |  23.8 |   9.1 |  27.6 | 64147.6
        Depths |  11.5 |  12.6 |   7.4 |   2.7 |  18.8 | 43794.2
           Zot |   4.8 |   5.3 |   3.5 |   0.9 |  14.8 | 57522.7
     Labyrinth |   0.1 |   0.1 |   0.4 |   0.0 |   0.1 | 1256.0
         Sewer |   2.3 |   2.7 |   0.0 |   1.8 |   0.0 | 317.0
        Bailey |   1.0 |   1.0 |   0.0 |   2.7 |   0.1 | 1625.0
               +-------+-------+-------+-------+-------+----------------------
